[Event "*** Titled Tuesday Blitz"]
[Site "Chess.com"]
[Date "2021.02.16"]
[Round "5"]
[White "Taran2004"]
[Black "Make_it_shine060"]
[Result "1-0"]
[WhiteElo "2412"]
[BlackElo "2179"]
[TimeControl "180+1"]
[EndTime "10:57:47 PST"]
[Termination "Taran2004 won on time"]

1. e4 c5 2. Nf3 d6 3. d4 cxd4 4. Qxd4 Nf6 5. Bb5+ Nc6 6. c4 Bd7 7. Bxc6 Bxc6 8. Nc3 g6 9. O-O Bg7 10. Qd3 O-O 11. b3 Rc8 12. Bb2 Nxe4 13. Nxe4 Bxb2 14. Rab1 Bg7 15. Rfe1 Qc7 16. Nc3 Rfd8 17. Nd5 Bxd5 18. Qxd5 e6 19. Qd3 d5 20. cxd5 Rxd5 21. Qe4 Rcd8 22. h3 Qb6 23. Rbc1 a6 24. h4 R5d6 25. h5 f5 26. Qc4 Rc6 27. Qe2 Rxc1 28. Rxc1 e5 29. Nxe5 Qe6 30. Qc4 Qxc4 31. Nxc4 gxh5 32. Re1 b5 33. Nb6 Rb8 34. Nd7 Rd8 35. Nc5 Rc8 36.
Nxa6 Ra8 37. Nc7 Rxa2 38. Nxb5 Rb2 39. Nd6 Rxb3 40. Nxf5 Bf8 41. g3 h4 42. Nxh4 Bc5 43. Kg2 Rb2 44. Rf1 h5 45. Nf5 Kf7 46. Kf3 Kf6 47. Ne3 Rb3 48. Rc1 Bxe3 49. fxe3 Kg5 50. Rc5+ Kg6 51. Kf4 Kf6 52. Rxh5 Rb4+ 53. e4 Rc4 54. Rh6+ Kg7 55. Ra6 Kf7 56. Kf5 Ke7 57. g4 Kf7 58. g5 Kg7 59. Ra7+ Kg8 60. e5 Kf8 61. Kf6 Rc6+ 62. e6 Kg8 63. g6 Rc8 64.
Rf7 1-0

[Event "*** Titled Tuesday Blitz"]
[Site "Chess.com"]
[Date "2021.02.16"]
[Round "5"]
[White "eljanov"]
[Black "EvgenyRomanov"]
[Result "1-0"]
[WhiteElo "2843"]
[BlackElo "2609"]
[TimeControl "180+1"]
[EndTime "10:57:49 PST"]
[Termination "eljanov won on time"]

1. d4 d5 2. c4 dxc4 3. Nf3 Nf6 4. e3 b5 5. a4 b4 6. Bxc4 e6 7. O-O Be7 8. Qe2 O-O 9. e4 Bb7 10. Nbd2 Nbd7 11. e5 Nd5 12. Nb3 c5 13. dxc5 Nxc5 14. Nxc5 Bxc5 15. Ng5 Be7 16. Ne4 Qc7 17. Ng3 Rac8 18.
Bd3 Rfd8 19. Nh5 g6 20. Bh6 Qc6 21. Qg4 Nc3 22. bxc3 Rxd3 23. cxb4 Rd4 24. Qg3 Rxb4 25. Rac1 Rc4 26. Rxc4 Qxc4 27. Nf6+ Bxf6 28. exf6 Qxa4 29.
Be3 a5 30. Qg5 Qb4 31. h4 Rc4 32. f3 Rxh4 33. Rc1 Rh5 34. Qf4 Qxf4 35. Bxf4 Rf5 36. Bh6 Rd5 37. Rc7 Ba6 38. Ra7 1-0

[Event "*** Titled Tuesday Blitz"]
[Site "Chess.com"]
[Date "2021.02.16"]
[Round "5"]
[White "kobemagic"]
[Black "Skat2704"]
[Result "1-0"]
[WhiteElo "2398"]
[BlackElo "2532"]
[TimeControl "180+1"]
[EndTime "10:57:49 PST"]
[Termination "kobemagic won by resignation"]

1. c4 c5 2. g3 g6 3. Bg2 Bg7 4.
Nc3 e6 5. a3 Ne7 6. b4 cxb4 7.
axb4 O-O 8. Nf3 d5 9. cxd5 Nxd5 10. Qb3 Nc6 11. O-O Ndxb4 12. Ba3 a5 13. Rab1 Re8 14.
d3 Bd7 15. Rfc1 Qf6 16. Ne4 Qe7 17. Nc5 b6 18. Nxd7 Qxd7 19. Nd2 Rab8 20. Nc4 e5 21.
Bxc6 Nxc6 22. Nd6 Re6 23. Ne4 h6 24. Qa4 Kh7 25. Bd6 Rc8 26. Rxb6 f5 27. Rcxc6 fxe4 28. Qc4 Rxd6 29. Rxc8 1-0

[Event "*** Titled Tuesday Blitz"]
[Site "Chess.com"]
[Date "2021.02.16"]
[Round "5"]
[White "Aya5ian"]
[Black "FMOlexandrProhorov"]
[Result "0-1"]
[WhiteElo "2309"]
[BlackElo "2111"]
[TimeControl "180+1"]
[EndTime "10:57:50 PST"]
[Termination "FMOlexandrProhorov won by checkmate"]

1. Nf3 c5 2. c4 b6 3. e3 Bb7 4. d4 cxd4 5. exd4 Nf6 6. Be2 d5 7. O-O e6 8. Bg5 Be7 9. Nc3 O-O 10. Ne5 Nc6 11. Bf3 Rc8 12. Bxf6 gxf6 13. cxd5 fxe5 14. dxc6 Bxc6 15. Bxc6 Rxc6 16. dxe5 Qc7 17. f4 Rd8 18. Qg4+ Kh8 19. Ne4 Rc4 20. Nf6 Bxf6 21. exf6 Rg8 22. Qh4 Qc6 23. g3 Rc2 24. Rf2 Qc5 25.
Rf1 Rxb2 26. Kg2 Rxf2+ 27. Rxf2 Qd5+ 28. Kh3 Qf5+ 29. g4 Qd3+ 30. Kg2 Qe4+ 31. Kh3 Qe1 32.
Rg2 Qe3+ 33. Rg3 Qxf4 34. Rc3 e5 35. g5 Qf1+ 36. Kg4 Qe2+ 37. Kf5 Qf1+ 38. Kxe5 Re8+ 39. Kd4 Qd1+ 40. Kc4 Rc8+ 41. Kb4 a5+ 42. Kb5 Rxc3 43. Qh5 Qd5+ 44. Kxb6 Rc6+ 45. Kb7 Qd7+ 46. Kb8 Rc8# 0-1

[Event "*** Titled Tuesday Blitz"]
[Site "Chess.com"]
[Date "2021.02.16"]
[Round "5"]
[White "Kanthecarowin"]
[Black "night_player"]
[Result "0-1"]
[WhiteElo "2322"]
[BlackElo "2170"]
[TimeControl "180+1"]
[EndTime "10:57:50 PST"]
[Termination "night_player won by resignation"]

1. d4 f5 2. g3 d6 3. Bg2 Nf6 4. Nh3 g6 5. O-O Bg7 6. c4 O-O 7. Qb3 c6 8. Nc3 e5 9. c5+ Kh8 10. dxe5 dxe5 11. Bg5 Qe8 12. Rad1 Nbd7 13. Qa3 e4 14. Rd6 Qe5 15. Na4 Nd5 16. b4 N7f6 17. Rd1 Ng4 18. Bf4 Nxf4 19. Nxf4 g5 20. Nh5 Be6 21. Nxg7 Kxg7 22. Nc3 Rf7 23. h3 Nf6 24. b5 Nd5 25. Nxd5 Bxd5 26. bxc6 bxc6 27. Kh2 Rb8 28. f4 exf3 29. exf3 Rb2 30. Rg1 Rfb7 31. Qd3 Rxa2 32. f4 Qe4 33. Qxe4 Bxe4 34. Kh1 Rbb2 35. Rd7+ Kf8 36. Rgd1 Bxg2+ 37. Kg1 Bd5 38. Rxh7 gxf4 39. gxf4 Rg2+ 40. Kf1 Bc4+ 0-1

[Event "*** Titled Tuesday Blitz"]
[Site "Chess.com"]
[Date "2021.02.16"]
[Round "5"]
[White "Kaiyrbekov"]
[Black "Chessbard1972"]
[Result "0-1"]
[WhiteElo "2102"]
[BlackElo "2348"]
[TimeControl "180+1"]
[EndTime "10:57:50 PST"]
[Termination "Chessbard1972 won on time"]

1. c4 g6 2. Nc3 Bg7 3. Nf3 d6 4.
d4 Nf6 5. g3 O-O 6. Bg2 Nc6 7.
e4 a6 8. O-O e5 9. d5 Ne7 10.
Be3 Nd7 11. Qd2 Nc5 12. b4 Nd7 13. Bh6 Kh8 14. Bxg7+ Kxg7 15. h4 h6 16. h5 a5 17.
a3 Nf6 18. hxg6 fxg6 19. Kh2 Bg4 20. Rh1 Neg8 21. b5 Nxe4 22. Nxe4 Bxf3 23. Bxf3 Rxf3 24. Kg2 Rf8 25. Rh3 Qe7 26. Rah1 g5 27. Qe2 Rf5 28.
Qg4 Raf8 29. Rh5 Qf7 30. Nxg5 Rxf2+ 31. Kh3 hxg5 32. Rxg5+ Kf6 33. Rh2 Rxh2+ 34. Kxh2 Nh6 35. Qh4 Nf5 36. Qg4 Ke7 37. Kg2 Ne3+ 0-1

[Event "*** Titled Tuesday Blitz"]
[Site "Chess.com"]
[Date "2021.02.16"]
[Round "5"]
[White "ElCoachRene"]
[Black "queen_iryna"]
[Result "1-0"]
[WhiteElo "2223"]
[BlackElo "2370"]
[TimeControl "180+1"]
[EndTime "10:57:51 PST"]
[Termination "ElCoachRene won by resignation"]

1. d4 d6 2. Bf4 g6 3. e3 Bg7 4. Nf3 Nd7 5. Bc4 e5 6. dxe5 dxe5 7. Bg5 Ne7 8. Nc3 c6 9. Ne4 O-O 10. Nd6 h6 11. Nxc8 Rxc8 12. Bh4 Re8 13. O-O Nb6 14. Bb3 Qc7 15. e4 g5 16. Bg3 Ng6 17. Qd2 Nf4 18.
Rfe1 Nd7 19. Rad1 Nc5 20. Bc4 b5 21. Bf1 Nce6 22. h3 Bf8 23. Qc3 Ng7 24. a3 a5 25.
Nh2 Qb6 26. Kh1 Ngh5 27. Ng4 Bg7 28. Ne3 Nxg3+ 29. fxg3 Nh5 30. Kh2 Nf6 31. Nf5 Qb7 32. Nd6 Qc7 33. Nxe8 Rxe8 34. Bxb5 Qb6 35. Qxc6 Qf2 36.
Rf1 Qe3 37. Rxf6 Rf8 38. Rfd6 Qa7 39. Rd8 Kh7 40. Rxf8 Bxf8 41. Qf6 Qf2 42. Qxf2 1-0

[Event "*** Titled Tuesday Blitz"]
[Site "Chess.com"]
[Date "2021.02.16"]
[Round "5"]
[White "Msb2"]
[Black "ChessWarrior7197"]
[Result "1-0"]
[WhiteElo "2867"]
[BlackElo "2947"]
[TimeControl "180+1"]
[EndTime "10:57:53 PST"]
[Termination "Msb2 won by resignation"]

1. d4 d5 2. Nf3 Nf6 3. e3 e6 4. Bd3 c5 5. b3 Bd6 6. O-O O-O 7.
Bb2 Qe7 8. Nbd2 cxd4 9. exd4 Ba3 10.
Bxa3 Qxa3 11. Qc1 Qd6 12. c3 Nc6 13. Re1 b6 14. Ne5 Bb7 15. Ndf3 Rac8 16. Qd2 Ne7 17. Rac1 Ne4 18. Qb2 f6 19. Ng4 Ng6 20. Ne3 f5 21.
Nd2 Nf4 22. Bf1 Rf6 23. f3 Rh6 24. fxe4 dxe4 25. Ndc4 Ne2+ 26. Qxe2 Qxh2+ 27. Kf2 f4 28. Qg4 Rg6 29. Qh3 fxe3+ 30. Ke2 Qf4 31. Qxe3 Qh4 32.
Qh3 Qg5 33. Qe3 Qh4 34. Qh3 Qg5 35. Kd1 Rf8 36. Ne5 Rgf6 37. Bc4 Bd5 38. Rc2 Rf2 39.
Bxd5 Rxc2 40. Qxe6+ Rf7 41. Qxf7+ 1-0

[Event "*** Titled Tuesday Blitz"]
[Site "Chess.com"]
[Date "2021.02.16"]
[Round "5"]
[White "Nikolakis2014"]
[Black "Chesseyat004"]
[Result "1-0"]
[WhiteElo "2643"]
[BlackElo "2475"]
[TimeControl "180+1"]
[EndTime "10:57:54 PST"]
[Termination "Nikolakis2014 won by resignation"]

1. Nf3 Nf6 2. c4 e6 3. g3 d5 4. d4 Bb4+ 5. Nc3 O-O 6. Bg2 dxc4 7. a3 Be7 8. Ne5 Nd5 9. Nxc4 Nxc3 10. bxc3 c5 11. O-O Nc6 12. e3 Qc7 13. Bb2 b6 14. Re1 Bb7 15. Rc1 Rfd8 16. Qg4 Na5 17. Nxa5 Bxg2 18. Kxg2 bxa5 19. c4 Rab8 20. Ba1 Bf6 21. Red1 Rb3 22. d5 Bxa1 23. Rxa1 exd5 24. Rxd5 Rxd5 25.
cxd5 c4 26. Rc1 c3 27. Qa4 Qb8 28. Qxa5 Qc8 29. Qa4 Rb6 30. Qc2 Qc4 31. e4 Rb3 32. d6 Rb2 33. Qxc3 Qxe4+ 34. Qf3 Rxf2+ 1-0

[Event "*** Titled Tuesday Blitz"]
[Site "Chess.com"]
[Date "2021.02.16"]
[Round "5"]
[White "MFBerna"]
[Black "TC2304"]
[Result "0-1"]
[WhiteElo "2482"]
[BlackElo "2350"]
[TimeControl "180+1"]
[EndTime "10:57:56 PST"]
[Termination "TC2304 won on time"]

1. e4 c5 2. Nf3 d6 3. d4 cxd4 4. Nxd4 Nf6 5. Nc3 a6 6. Be2 e5 7. Nb3 Be7 8. O-O O-O 9. a4 Be6 10. f4 exf4 11. Bxf4 Nc6 12. Qd2 Ne5 13. Rad1 Rc8 14.
Kh1 Qc7 15. Nd4 Rfd8 16. Bg5 h6 17. Bh4 Nxe4 18. Nxe4 Bxh4 19. c3 d5 20. Nf2 Bg5 21.
Qc2 Nc4 22. Bxc4 Qxc4 23. Rfe1 Re8 24. Re2 Bf6 25. Nxe6 Rxe6 26. Rde1 Rce8 27. Nd3 d4 28. Rxe6 Rxe6 29. Rxe6 fxe6 30. Qe2 dxc3 31. bxc3 Bxc3 32.
h3 b5 33. axb5 axb5 34. Qf3 Bf6 35. Nf4 Qc1+ 36. Kh2 Be5 37. Qa8+ Kf7 38. Qb7+ Qc7 0-1

[Event "*** Titled Tuesday Blitz"]
[Site "Chess.com"]
[Date "2021.02.16"]
[Round "5"]
[White "BikingBrian"]
[Black "mary-sanna"]
[Result "1-0"]
[WhiteElo "2322"]
[BlackElo "2036"]
[TimeControl "180+1"]
[EndTime "10:57:56 PST"]
[Termination "BikingBrian won on time"]

1. d4 d5 2. Bf4 Nf6 3. e3 e6 4. Nd2 c5 5. c3 Qb6 6. Rb1 Bd6 7. Bg3 Bxg3 8. hxg3 cxd4 9. exd4 O-O 10. Bd3 Nc6 11.
Ngf3 Re8 12. Ne5 Qc7 13. Bxh7+ Nxh7 14. Qh5 Nxe5 15. dxe5 Kf8 16. Nf3 Qc4 17. Qxh7 Bd7 18. Nd4 Bb5 19. Qh8+ Ke7 20. Qh4+ Kd7 21. Nxb5 Qxb5 22.
Qd4 a6 23. Kd2 Rac8 24. b3 Qa5 25. Qa4+ Qxa4 26. bxa4 Rc7 27. Rh7 Rg8 28. Rb6 Ke7 29.
Kd3 Kf8 30. Rh4 g5 31. Rhb4 Kg7 32. Rxb7 Rgc8 33. Rxc7 Rxc7 34. Rb6 a5 35. Rb5 Ra7 36. c4 dxc4+ 37. Kxc4 Kg6 38. Rc5 Kf5 39. Kb5 Ra8 40. Rc7 Kxe5 41. Rxf7 Ke4 42. Rb7 e5 43. Rb6 Kd3 44. Ra6 Rb8+ 45. Kxa5 Ke2 46. Rb6 Ra8+ 47.
Kb5 1-0

[Event "*** Titled Tuesday Blitz"]
[Site "Chess.com"]
[Date "2021.02.16"]
[Round "5"]
[White "ybruned"]
[Black "anskam"]
[Result "1-0"]
[WhiteElo "2311"]
[BlackElo "1718"]
[TimeControl "180+1"]
[EndTime "10:57:56 PST"]
[Termination "ybruned won by resignation"]

1. b3 Nf6 2. Bb2 e6 3. e3 Be7 4. Nf3 O-O 5. Be2 c6 6. O-O d5 7. d4 Nbd7 8. c4 Qc7 9. Ba3 Bxa3 10. Nxa3 Ne4 11. Nb1 f5 12. Qc2 Qd8 13. Nbd2 h6 14. Rad1 g5 15. Ne5 Nxe5 16. dxe5 Qc7 17. Nxe4 fxe4 18.
cxd5 exd5 19. Rxd5 Be6 20. Rd6 Bf5 21. Bc4+ Kg7 22. Be6 Bxe6 23. Rxe6 Rae8 24. Rxe8 Rxe8 25. Qxe4 Qxe5 26. Qxe5+ Rxe5 27. Rd1 Kf7 28. Kf1 Ke6 29. Ke2 Ra5 30. Rd2 b5 31. e4 c5 32. Rc2 b4 33.
Ke3 Ke5 34. f3 h5 35. g3 a6 36. f4+ gxf4+ 37. gxf4+ Ke6 38. Rg2 Kf6 39. Kd3 Rb5 40. Kc4 Ra5 41. Re2 Ke6 42. e5 Rb5 43. f5+ Kxf5 44. e6 Rb8 45. e7 Re8 46. Kxc5 h4 47. Kd6 Kg4 48. Kd7 Rxe7+ 49. Kxe7 Kf3 50. Rc2 h3 51.
Kd6 a5 52. Kc5 1-0

[Event "*** Titled Tuesday Blitz"]
[Site "Chess.com"]
[Date "2021.02.16"]
[Round "5"]
[White "canary2016"]
[Black "LamaChampetre"]
[Result "0-1"]
[WhiteElo "1970"]
[BlackElo "2208"]
[TimeControl "180+1"]
[EndTime "10:57:56 PST"]
[Termination "LamaChampetre won on time"]

1. Nf3 g6 2. d4 Nf6 3. c4 Bg7 4. g3 d5 5. cxd5 Nxd5 6. Bg2 Nb6 7. O-O Nc6 8. e3 e5 9. dxe5 Qxd1 10. Rxd1 Nxe5 11.
Nc3 Bg4 12. Nxe5 Bxd1 13. Nxf7 Kxf7 14. Nxd1 Rad8 15. Bf3 Nc4 16. Rb1 c6 17. b3 Nd2 18.
Bxd2 Rxd2 19. b4 Rhd8 20. Kf1 Rxa2 21. b5 Rc2 22. bxc6 bxc6 23. Rb7+ Kf8 24. Rxa7 Rc1 25. Rc7 Rcxd1+ 26. Kg2 R1d6 27. Bxc6 Be5 28. Bf3 h6 29. Rh7 Bg7 30. Be4 Kg8 31. Rxg7+ Kxg7 32. Kf3 g5 33. h4 Kf6 34. hxg5+ hxg5 35. Bb7 Rd2 36. Kg2 R8d6 37.
Kh2 Rb2 38. Kg2 Rdd2 0-1

[Event "*** Titled Tuesday Blitz"]
[Site "Chess.com"]
[Date "2021.02.16"]
[Round "5"]
[White "swisspower96"]
[Black "TimofeevAr"]
[Result "0-1"]
[WhiteElo "2632"]
[BlackElo "2880"]
[TimeControl "180+1"]
[EndTime "10:57:57 PST"]
[Termination "TimofeevAr won by resignation"]

1. d4 Nf6 2. c4 b6 3. f3 e6 4. e4 d5 5. cxd5 exd5 6. e5 Nfd7 7. f4 Be7 8. Nf3 O-O 9. Nc3 Bb7 10.
Bd3 c5 11. O-O cxd4 12. Nb5 Nc5 13. Kh1 Nc6 14. Nbxd4 Ne4 15. f5 Nxd4 16. Nxd4 Bc5 17.
Be3 Qh4 18. Qe1 Qxe1 19. Raxe1 Rfe8 20. e6 Bxd4 21. exf7+ Kxf7 22. Bxd4 Nc5 23. Be2 Rxe2 24. Rxe2 Ba6 25. Rfe1 Bxe2 26. Rxe2 Rc8 27. g4 Ne4 28. Kg2 Rc4 29. Be5 g6 30. fxg6+ Kxg6 31. Re3 Rc2+ 32. Kf1 Nd2+ 33. Kg1 Nc4 34. Re1 Nxe5 35. Rxe5 Rxb2 36. Rxd5 Rxa2 37. h4 Ra4 38. Rd6+ Kf7 39. Rd7+ Ke6 40. Rg7 Kf6 41. Rg8 Kf7 42. Rg5 h6 43. Rf5+ Ke6 44.
Rh5 Rxg4+ 45. Kf2 Rg6 0-1

[Event "*** Titled Tuesday Blitz"]
[Site "Chess.com"]
[Date "2021.02.16"]
[Round "5"]
[White "xberli"]
[Black "Mazetovic"]
[Result "0-1"]
[WhiteElo "2499"]
[BlackElo "2698"]
[TimeControl "180+1"]
[EndTime "10:57:58 PST"]
[Termination "Mazetovic won on time"]

1. b3 e5 2. Bb2 d6 3. c4 f5 4.
g3 Nf6 5. Bg2 g6 6. d3 Bg7 7.
Nf3 O-O 8. O-O Nc6 9. Nc3 h6 10. Ne1 g5 11. Nd5 Nxd5 12. cxd5 Ne7 13. Rc1 Rf7 14. Nc2 Ng6 15. e4 f4 16. d4 g4 17. Re1 h5 18. Nb4 h4 19. dxe5 dxe5 20. Qc2 hxg3 21. hxg3 f3 22. Bf1 Bf8 23. d6 Bxd6 24.
Bc4 Kg7 25. Bxf7 Kxf7 26. Nd5 Be6 27. Nxc7 Nf4 28. Nxe6 Nxe6 29. Qc4 Qh8 30. Red1 Be7 31. Rd7 Qh3 32. Qf1 Qh6 33. Rxe7+ Kxe7 34. Ba3+ Kf6 35. Qc4 Rh8 0-1

[Event "*** Titled Tuesday Blitz"]
[Site "Chess.com"]
[Date "2021.02.16"]
[Round "5"]
[White "Moultino06"]
[Black "Novoselski"]
[Result "1-0"]
[WhiteElo "2487"]
[BlackElo "2315"]
[TimeControl "180+1"]
[EndTime "10:57:58 PST"]
[Termination "Moultino06 won by checkmate"]

1. b3 Nf6 2. Bb2 g6 3. Bxf6 exf6 4. c4 Bg7 5. Nc3 O-O 6. e3 c6 7. d4 d6 8. g3 f5 9. Bg2 a5 10. Nge2 Na6 11. O-O Nc7 12. Qd3 Rb8 13. a3 d5 14.
cxd5 Nxd5 15. Nxd5 cxd5 16. Nf4 Be6 17. Qb5 Qd6 18. Rfc1 Rfd8 19. Qxa5 b5 20. Rc5 b4 21. axb4 Bf8 22. b5 Qe7 23. Rc6 Qd7 24. Rac1 Bd6 25.
Nxd5 Bxd5 26. Bxd5 Kg7 27. Bg2 Ra8 28. Qc3 Rab8 29.
b6 Qe7 30. Qc4 Kg8 31. Qb5 Rf8 32. Bd5 Kg7 33. Kg2 h5 34. h4 f6 35. Qa6 Kh6 36. b7 Bb4 37. Rc7 Qd6 38. Qxd6 Bxd6 39. Rd7 Ba3 40.
Rcc7 Rfd8 41. Rh7# 1-0

[Event "*** Titled Tuesday Blitz"]
[Site "Chess.com"]
[Date "2021.02.16"]
[Round "5"]
[White "Trickster_Pony"]
[Black "OlifantCZ"]
[Result "0-1"]
[WhiteElo "1505"]
[BlackElo "2302"]
[TimeControl "180+1"]
[EndTime "10:57:58 PST"]
[Termination "OlifantCZ won on time"]

1. c4 Nf6 2. g3 g6 3. Bg2 Bg7 4. Nc3 O-O 5. Nf3 d6 6. O-O Nc6 7. d4 a6 8. b3 Bg4 9. Bb2 e5 10. dxe5 dxe5 11. h3 Bf5 12. g4 Bd7 13. Nd5 Re8 14.
Rc1 Nxd5 15. cxd5 Nd4 16. Nxd4 exd4 17. Bxd4 Bxd4 18. Qxd4 Rxe2 19. d6 c6 20. Rfe1 Rxe1+ 21. Rxe1 Be6 22. Bf1 Qd7 23. Bc4 Re8 24. Bxe6 Rxe6 25.
Rxe6 fxe6 26. Kg2 a5 27. Kf3 b6 28. Ke4 c5 29. Qe5 Kf7 30. Qf4+ Ke8 31. Ke5 Qf7 32.
Qxf7+ Kxf7 33. g5 b5 34. f4 Ke8 35. Kxe6 c4 36. d7+ Kd8 37. Kd5 c3 0-1

[Event "*** Titled Tuesday Blitz"]
[Site "Chess.com"]
[Date "2021.02.16"]
[Round "5"]
[White "LiemLe"]
[Black "tigra"]
[Result "1-0"]
[WhiteElo "2993"]
[BlackElo "2861"]
[TimeControl "180+1"]
[EndTime "10:58:00 PST"]
[Termination "LiemLe won on time"]

1. d4 d5 2. Nf3 e6 3. c4 c6 4.
Bg5 Be7 5. Bxe7 Nxe7 6. e3 O-O 7.
Nc3 b6 8. cxd5 cxd5 9. Rc1 a6 10. Bd3 Nbc6 11. O-O Bd7 12. Qe2 f6 13. h3 Nb4 14.
Bb1 Be8 15. e4 Bg6 16. Rfe1 Rf7 17. exd5 exd5 18. a3 Nbc6 19. Bxg6 hxg6 20. Qe6 Rc8 21. Ne2 Qc7 22. Rc3 Rd8 23. Qe3 Nf5 24. Qc1 Rc8 25. Nf4 Qd7 26. Nxg6 Nd6 27. Qf4 Ne4 28. Qh4 Rff8 29.
Nxf8 Kxf8 30. Rce3 Ne7 31. Qh8+ Ng8 32. Nh4 Qf7 33.
f3 Ng5 34. Re7 Qxe7 35. Ng6+ Kf7 36. Nxe7 1-0

[Event "*** Titled Tuesday Blitz"]
[Site "Chess.com"]
[Date "2021.02.16"]
[Round "5"]
[White "KNCP_719"]
[Black "ckgchess"]
[Result "0-1"]
[WhiteElo "2599"]
[BlackElo "2769"]
[TimeControl "180+1"]
[EndTime "10:58:00 PST"]
[Termination "ckgchess won on time"]

1. e4 c5 2. Nf3 d6 3. Bb5+ Nd7 4. c3 a6 5. Ba4 Nf6 6. Qe2 b5 7. Bc2 c4 8. b3 Qc7 9. bxc4 bxc4 10. Na3 Nb6 11.
e5 dxe5 12. Nxe5 Bb7 13. Rb1 e6 14. Rxb6 Qxb6 15. Ba4+ Kd8 16. Nxf7+ Kc7 17. Nxc4 Qb1 18. Qe5+ Kc8 19. O-O Bd5 20. Ncd6+ Bxd6 21. Qxd6 Ra7 22. Nxh8 Qe4 23. f3 Qxa4 24. Qf8+ Qe8 25. Qc5+ Rc7 26.
Qb6 Qxh8 27. Qxa6+ Kd7 28. Qa4+ Bc6 29. Qd4+ Kc8 30. Ba3 Qd8 31. Qb4 Qxd2 32. Qf8+ Qd8 33. Qc5 Bb7 34. Qb4 Nd5 0-1

[Event "*** Titled Tuesday Blitz"]
[Site "Chess.com"]
[Date "2021.02.16"]
[Round "5"]
[White "onnoelgersma"]
[Black "Harry_Rakkel"]
[Result "0-1"]
[WhiteElo "2443"]
[BlackElo "2692"]
[TimeControl "180+1"]
[EndTime "10:58:00 PST"]
[Termination "Harry_Rakkel won on time"]

1. e4 c5 2. Nf3 e6 3. g3 Nf6 4.
Qe2 Nc6 5. Bg2 d5 6. exd5 Nxd5 7. O-O Be7 8. Nc3 O-O 9. d3 Nf6 10. Ne5 Nd4 11. Qd1 Qc7 12. Nc4 Nd5 13. a4 Rd8 14.
Nb5 Qd7 15. Ne5 Qe8 16. c4 a6 17. Nxd4 Nb4 18. Nc2 Bf6 19. Nxb4 Bxe5 20. Nc2 Rb8 21.
Qe2 Bf6 22. Bf4 e5 23. Be3 b6 24. Rab1 Bf5 25. Rfd1 Qxa4 26. b4 b5 27. cxb5 c4 28. dxc4 Bxc2 29. Rxd8+ Rxd8 30. Rc1 Bd1 31. Qb2 axb5 32.
cxb5 Qxb5 33. Bc6 Qd3 34. b5 e4 35. b6 Bxb2 0-1

[Event "*** Titled Tuesday Blitz"]
[Site "Chess.com"]
[Date "2021.02.16"]
[Round "5"]
[White "Tpros"]
[Black "sara_khm"]
[Result "0-1"]
[WhiteElo "2470"]
[BlackElo "2642"]
[TimeControl "180+1"]
[EndTime "10:58:00 PST"]
[Termination "sara_khm won on time"]

1. e3 e5 2. c4 Nf6 3. a3 c6 4. d4 exd4 5. Qxd4 Be7 6. Nc3 O-O 7. Nf3 d6 8. g3 Be6 9. Ng5 Bc8 10. Bg2 h6 11. Nf3 Be6 12. O-O Nbd7 13. Rd1 Nc5 14. Nd2 a5 15. h3 Nfd7 16. Nce4 f5 17. Nxc5 Nxc5 18. Qc3 a4 19. Qc2 Bf6 20. Nf3 Nb3 21.
Rb1 Qe7 22. Nd4 Bxd4 23. exd4 f4 24. Qe2 fxg3 25. fxg3 Qf7 26. d5 Bf5 27. Rf1 Qg6 28. Rxf5 Qxf5 29. Be4 Qxh3 30. Bf4 Rxf4 31. gxf4 Qg3+ 32.
Bg2 Qxf4 33. dxc6 bxc6 34. Bxc6 Rf8 35. Rf1 Qxf1+ 36. Qxf1 Rxf1+ 37. Kxf1 Kf8 38. Ke1 Na5 39. Bxa4 Nxc4 40. Bb5 Nxb2 41. Kd2 d5 42. Kc3 Nc4 43. a4 Ke7 0-1

[Event "*** Titled Tuesday Blitz"]
[Site "Chess.com"]
[Date "2021.02.16"]
[Round "5"]
[White "profofchess"]
[Black "GoltsevDmitry2000"]
[Result "0-1"]
[WhiteElo "2443"]
[BlackElo "2638"]
[TimeControl "180+1"]
[EndTime "10:58:00 PST"]
[Termination "GoltsevDmitry2000 won on time"]

1. e4 c5 2. Nf3 e6 3. c3 Nc6 4. d4 cxd4 5. cxd4 d5 6. e5 Nge7 7. Nc3 Nf5 8. g4 Nh4 9. Nxh4 Qxh4 10. Be3 a6 11. Be2 Bd7 12. Qd2 h6 13. O-O-O Rc8 14. Kb1 Be7 15. f4 b5 16. Bf3 Bd8 17. f5 Na5 18.
fxe6 fxe6 19. Bf2 Qe7 20. Qd3 O-O 21. Bg3 Nc4 22. h4 Qb4 23. Rh2 Be8 24. g5 h5 25. g6 Rxf3 26. Qxf3 Bxg6+ 27. Ka1 Be7 28. Nxd5 exd5 29. Qxd5+ Kh7 30. e6 Ne3 31. Qd7 Nc2+ 0-1

[Event "*** Titled Tuesday Blitz"]
[Site "Chess.com"]
[Date "2021.02.16"]
[Round "5"]
[White "mr_gustavo"]
[Black "KafkaesqueKnight"]
[Result "0-1"]
[WhiteElo "2369"]
[BlackElo "2226"]
[TimeControl "180+1"]
[EndTime "10:58:01 PST"]
[Termination "KafkaesqueKnight won by resignation"]

1. d4 Nf6 2. c4 e6 3. Nc3 Bb4 4. e3 d5 5. Nf3 O-O 6. a3 Be7 7. cxd5 exd5 8. Ne5 c6 9. f4 Ne4 10. Bd3 f6 11. Nf3 f5 12. Ne5 Nd7 13. Nxe4 fxe4 14. Be2 Nxe5 15. dxe5 Bh4+ 16. g3 Be7 17.
O-O Bc5 18. b4 Bb6 19. a4 a6 20. Bg4 Qe7 21. Bxc8 Raxc8 22. Qb3 Kh8 23. Bb2 Qe6 24. Bd4 Bxd4 25. exd4 h5 26. b5 cxb5 27. axb5 Rc4 28. bxa6 bxa6 29. Qe3 h4 30. gxh4 Qg4+ 31. Qg3 Qxg3+ 32.
hxg3 Rxd4 33. Rxa6 Rd3 34. Kg2 Rb8 35. e6 Kg8 36.
Rf2 Rbb3 37. Ra8+ Kh7 38. e7 Rxg3+ 39. Kh1 Rh3+ 40. Rh2 Rhc3 41. e8=Q Rc1+ 42. Kg2 Rc2+ 0-1

[Event "*** Titled Tuesday Blitz"]
[Site "Chess.com"]
[Date "2021.02.16"]
[Round "5"]
[White "Genghis_K"]
[Black "Gahan-MG"]
[Result "1-0"]
[WhiteElo "2904"]
[BlackElo "2642"]
[TimeControl "180+1"]
[EndTime "10:58:02 PST"]
[Termination "Genghis_K won by checkmate"]

1. e4 d5 2. exd5 Nf6 3. d4 Bg4 4. Bb5+ Nbd7 5. Be2 Bxe2 6. Qxe2 Nxd5 7. Nf3 e6 8. O-O Be7 9. c4 N5f6 10. Nc3 O-O 11.
Bf4 c5 12. dxc5 Nxc5 13. Rfd1 Qa5 14. a3 Na4 15. Nb5 Nb6 16. b4 Qa4 17. Bd6 Bxd6 18.
Nxd6 Qc6 19. Ne5 Qc7 20. Rd2 Ne8 21. Nb5 Qe7 22. Rad1 a6 23. Nc3 Nf6 24. Rd6 Qc7 25. c5 Nbd5 26. Nxd5 Nxd5 27. Rd7 Qb8 28. Nxf7 Nf4 29.
Qg4 Rxf7 30. Rxf7 Kxf7 31. Rd7+ Kf6 32. Qxg7+ Kf5 33. f3 Ng6 34. Qxh7 Qe5 35. Rf7+ Kg5 36. h4+ Nxh4 37. Rg7+ Kf6 38. Qh6+ Kf5 39. Qg5# 1-0

[Event "*** Titled Tuesday Blitz"]
[Site "Chess.com"]
[Date "2021.02.16"]
[Round "5"]
[White "aa175"]
[Black "Sjakkerntobi"]
[Result "1-0"]
[WhiteElo "2609"]
[BlackElo "2329"]
[TimeControl "180+1"]
[EndTime "10:58:03 PST"]
[Termination "aa175 won by resignation"]

1. d4 e6 2. Nf3 Nf6 3. Bf4 c5 4. e3 Nc6 5. Nbd2 d5 6. c3 Bd6 7. Bg3 O-O 8. Bd3 b6 9. e4 Be7 10. Ne5 Nxe5 11. dxe5 Nxe4 12. Nxe4 dxe4 13. Bxe4 Qxd1+ 14. Rxd1 Rb8 15. Ke2 Ba6+ 16. Ke3 Rfd8 17. f4 Rxd1 18.
Rxd1 Rd8 19. Rxd8+ Bxd8 20. a4 g6 21. Bd3 Bb7 22.
Bf1 Kf8 23. Be1 Bc6 24. b3 Bd5 25. c4 Bc6 26. g4 Kg7 27. Be2 Bc7 28. Bh4 Kf8 29.
Bf6 Ke8 30. h4 Bd8 31. f5 Bxf6 32. exf6 exf5 33. gxf5 Bd7 34. Bd3 Bc6 35. Kf4 Bg2 36. Kg5 Kf8 37. Kh6 Kg8 38. fxg6 hxg6 39. Kg5 Kf8 40.
Kf4 Ke8 41. Ke5 Kd7 42. Be2 Bc6 43. Bg4+ Kc7 44. Be6 Be8 45. Bf5 Kc6 46. Bxg6 fxg6 47. Ke6 Bd7+ 48. Ke7 1-0

[Event "*** Titled Tuesday Blitz"]
[Site "Chess.com"]
[Date "2021.02.16"]
[Round "5"]
[White "FMJoseHerrera"]
[Black "zurzan"]
[Result "1-0"]
[WhiteElo "2593"]
[BlackElo "2041"]
[TimeControl "180+1"]
[EndTime "10:58:03 PST"]
[Termination "FMJoseHerrera won on time"]

1. Nf3 d6 2. g3 f5 3. Bg2 Nf6 4. d3 g6 5. Nc3 Bg7 6. h4 O-O 7. h5 Nxh5 8. Bg5 h6 9. Bd2 e5 10. Nh4 Qe8 11. e4 f4 12. Nxg6 Qxg6 13. Qxh5 Qxh5 14.
Rxh5 Bg4 15. Rh4 f3 16. Rxg4 fxg2 17. Ke2 Kh7 18. Rg1 Nc6 19. Rxg2 Nd4+ 20. Kd1 Nf3 21. Nd5 Nxd2 22. Kxd2 Rf7 23. Ne3 Raf8 24. Nf5 Bf6 25. Rh2 Bg7 26. Ke3 d5 27. Rh5 d4+ 28. Ke2 Re8 29.
Rgh4 Re6 30. g4 Kg8 31. Nxh6+ Bxh6 32. Rxh6 Rxh6 33. Rxh6 Kg7 34. Rh5 Kf6 35. Rf5+ Ke6 36. Rxf7 Kxf7 37. f4 Kf6 38. Kf3 c5 39. g5+ Kg6 40.
Kg4 exf4 41. Kxf4 b5 42. Ke5 Kxg5 43. Kd5 c4 44. Kxd4 cxd3 45. cxd3 Kf4 46. Kc5 a6 47.
Kb6 Ke5 48. Kxa6 b4 49. Kb5 b3 50. a4 Kd4 51. Kb4 Kxd3 52. Kxb3 Kxe4 53. Kc4 1-0